 Dungeon Crawl Stone Soup version 0.30-a0-378-g86d51d8b50 (webtiles) character file.

Game seed: 13541638241996402401

122 MrRokkomies the Cudgeller (level 5, -10/47 HPs)
             Began as a Meteoran Cinder Acolyte on Dec 1, 2022.
             Was a High Priest of Ignis.
             Mangled by an ogre
             ... wielding a +0 giant club
              (17 damage)
             ... on level 4 of the Dungeon.
             The game lasted 00:05:20 (1342 turns).

MrRokkomies the Cudgeller (Meteoran Cinder Acolyte) Turns: 1342, Time: 00:05:21

Health: -10/47     AC: 11    Str: 17    XL:     5   Next: 53%
Magic:  2/8        EV: 12    Int: 15    God:    Ignis [*****.]
Gold:   176        SH:  0    Dex: 10    Spells: 4/6 levels left

rFire   + . .      SeeInvis .    a - -1 mace (protect)
rCold   + . .      Faith    .    (no shield)
rNeg    . . .      Spirit   .    b - +0 robe
rPois   .          Reflect  .    m - +0 helmet
rElec   .          Harm     .    (no cloak)
rCorr   .          Rampage  .    (no gloves)
Will    .....                    n - +0 pair of boots
Stlth   +.........               (no amulet)
HPRegen 0.27/turn                o - ring of protection from cold
MPRegen 0.11/turn                (no ring)

@: under a protective aura, glowing
A: sense surroundings 1, otherworldly, glowing, explore regen
a: Renounce Religion, Fiery Armour, Foxfire Swarm, Rising Flame


You were on level 4 of the Dungeon.
You worshipped Ignis.
Ignis was extremely pleased with you.
You visited 1 branch of the dungeon, and saw 4 of its levels.

You collected 176 gold pieces.

Inventory:

Hand Weapons
 a - a -1 mace of protection (weapon)
Armour
 b - a +0 robe (worn)
 d - a +0 pair of gloves
 m - a +0 helmet (worn)
 n - a +0 pair of boots (worn)
Jewellery
 f - a ring of protection from fire
 j - a ring of protection from fire
 o - a ring of protection from cold (left hand)
Potions
 c - 2 potions of curing
 e - a potion of might
 g - a potion of berserk rage
 h - a potion of attraction {unknown}
 i - a potion of lignification {unknown}
 k - 2 potions of brilliance
 l - a potion of flight {unknown}


   Skills:
 * Level 4.5 Fighting
 * Level 5.3 Maces & Flails
 + Level 2.0 Dodging
 - Level 1.3 Spellcasting
 + Level 4.2 Fire Magic


You had 4 spell levels left.
You knew the following spells:

 Your Spells              Type           Power      Damage    Failure   Level
a - Scorch                Fire           26%        2d6       6%          2

Your spell library contained the following spells:

 Spells                   Type           Power      Damage    Failure   Level
 Apportation              Tloc           2%         N/A       24%         1
 Necrotise                Necr           4%         1d4       24%         1
 Summon Small Mammal      Summ           4%         N/A       24%         1


Dungeon Overview and Level Annotations

Branches:
Dungeon (3/15) Zot: 1033

Altars:
Hepliaklqana

Annotations:
D:3 2 transporters, mojasp's ghost, amateur DEEE


Innate Abilities, Weirdness & Mutations

You passively map a small area around you.
You are easily found by Zot.
You glow in the dark.
You regain HP and MP as you explore.


Message History

You now have 176 gold pieces (gained 7).
A sourceless malevolence fills the Dungeon...
You fall into a shaft and drop 1 floor!
The shaft crumbles and collapses.
o - a ring of protection from cold (left hand)
Found a hazy altar of Hepliaklqana.
c - 2 potions of curing (gained 1)
You open the door.
There is an open door here.
You open the door.
There is an open door here.
An ogre comes into view. It is wielding a +0 giant club.
The ogre shouts!
Casting: Scorch (safe; 6% risk of failure)
Confirm with . or Enter, or press ? or * to list all spells.
Flames lash the ogre.
The ogre is moderately wounded.
The ogre's fire resistance burns away.
The ogre hits you with a +0 giant club!
Unknown command.
Casting: Scorch (safe; 6% risk of failure)
Confirm with . or Enter, or press ? or * to list all spells.
Flames lash the ogre.
The ogre is burned terribly!
The ogre is heavily wounded.
The ogre hits you with a +0 giant club!!
* * * LOW HITPOINT WARNING * * *
Unknown command.
Casting: Scorch (safe; 6% risk of failure)
Confirm with . or Enter, or press ? or * to list all spells.
Flames lash the ogre.
The ogre is burned terribly!
The ogre is severely wounded.
Unknown command.
You hit the ogre but do no damage.
Your weapon exudes an aura of protection.
The ogre is severely wounded.
The ogre hits you with a +0 giant club.
* * * LOW HITPOINT WARNING * * *
You hit the ogre.
The ogre is almost dead.
The ogre hits you with a +0 giant club!
You die...

#...##
#+#..........##....
#... ,,#.........##
... * #.## ,
##'##....#., , ## *
#...#...... *
#+#...#+#... , , *
#.......# ..* ,
###...### # , ,,
+...'.# , ,, ,
,#####@#+* * , * ,
#.O...# , * ,,
+.....#* , #.....#
, ,, , ###.#+# , ,
, +.# , , * * * ###
* ,, , , + * ,


You could see an ogre (combustible).

Vanquished Creatures
  Robin (D:3)
  3 adders
  3 dart slugs
  2 endoplasms (D:3)
  4 giant cockroaches
  10 goblins
  7 hobgoblins
  10 jackals
  7 kobolds
  2 quokkas (D:2)
  5 ball pythons
  7 bats
  2 frilled lizards
  7 rats
70 creatures vanquished.

Notes
Turn   | Place    | Note
-------+----------+-------------------------------------------
     0 | D:1      | MrRokkomies the Meteoran Cinder Acolyte began the quest for
                  | the Orb.
     0 | D:1      | Reached XP level 1. HP: 19/19 MP: 3/3
    47 | D:1      | Reached XP level 2. HP: 7/26 MP: 5/5
   156 | D:1      | Reached skill level 1 in Dodging
   156 | D:1      | Reached XP level 3. HP: 21/31 MP: 6/6
   179 | D:1      | Learned a level 2 spell: Scorch
   322 | D:1      | Found a faded altar of an unknown god.
   406 | D:2      | Reached XP level 4. HP: 18/40 MP: 1/7
   702 | D:2      | Reached skill level 5 in Maces & Flails
   989 | D:3      | Noticed Robin
  1015 | D:3      | Reached XP level 5. HP: 42/46 MP: 8/8
  1027 | D:3      | Killed Robin
  1142 | D:3      | Found a transporter.
  1151 | D:3      | Noticed mojasp's ghost (amateur DEEE)
  1205 | D:3      | Found a transporter.
  1273 | D:3      | You fall into a shaft and drop 1 floor!
  1295 | D:4      | Found a hazy altar of Hepliaklqana.
  1337 | D:4      | Noticed an ogre
  1342 | D:4      | Mangled by an ogre

Illustrated notes

Levels and vault maps discovered:
D:1:      dpeg_arrival_rooms_c, layout_rooms,
          shapermc_ecumenical_altar_flowoftime
D:2:      layout_loops_ring
D:3:      layout_basic, gammafunk_ghost_stat_death,
          hangedman_abyss_or_decor_lesser_grid, uniq_robin
D:4:      nicolae_cairo_tiling_large, layout_layer_cave,
          overflow_temple_1_default, nicolae_shop_i_like_big_books, uniq_edmund,
          uniq_menkaure, uniq_ijyb, uniq_eustachio

Skill      XL: |  1  2  3  4  5 |
---------------+----------------+-----
Dodging        | 1 2 |  2.0
Fighting       | 4 |  4.5
Fire Magic     | 4 |  4.2
Maces & Flails | 5 |  5.3
Spellcasting   | |  1.3

Action                   |  1- 3 |  4- 6 || total
-------------------------+-------+-------++-------
Melee: Mace              |    60 |    95 ||   155
       Punch             |       |     1 ||     1
 Cast: Scorch            |     6 |    18 ||    24
  Use: Scroll            |       |     7 ||     7
Armor: Robe              |    21 |    48 ||    69
Dodge: Dodged            |    37 |    50 ||    87

Table legend: (Time is in decaauts)
 A = Elapsed time spent in this place.
 B = Non-inter-level travel time spent in this place.
 C = Inter-level travel time spent in this place.
 D = Time resting spent in this place.
 E = Time spent auto-exploring this place.
 F = Levels seen in this place.
 G = Mean time per level.
                   A        B        C        D        E       F      G
               +--------+--------+--------+--------+--------+-----+--------+
         Total |   1365 |   1307 |     58 |     28 |    613 |   4 |  341.2 |
       Dungeon |   1365 |   1307 |     58 |     28 |    613 |   4 |  341.2 |
               +--------+--------+--------+--------+--------+-----+--------+

Top non-repeatable levels by time:
     D:2: 490 daAuts
     D:3: 435 daAuts
     D:1: 371 daAuts
     D:4: 68 daAuts
